 Dungeon Crawl Stone Soup version 0.31-a0-765-g67fe2935dc (webtiles) character file.

Game seed: 8753332896095322939

251069 GloriousHammer the Tortoise (level 18, -43/174 HPs)
             Began as an Armataur Berserker on Sept 15, 2023.
             Was a High Priest of Trog.
             Annihilated by an ettin
             ... wielding a +0 dire flail
              (53 damage)
             ... on level 1 of the Vaults.
             The game lasted 01:53:34 (43730 turns).

GloriousHammer the Tortoise (Armataur Berserker)   Turns: 43730, Time: 01:53:34

Health: -43/174    AC: 50    Str: 26    XL:     18   Next: 92%
Magic:  18/18      EV:  3    Int: 10    God:    Trog [*****.]
Gold:   76         SH: 16    Dex: 12    Spells: 17/17 levels left

rFire   + + +        a - +6 eveningstar (protect)
rCold   . . .        s - +0 kite shield
rNeg    + . .        g - +10 crystal plate armour of Gluttony {*Corrode rF++ Stlth+}
rPois   .            y - +0 helmet
rElec   .            j - +1 cloak
rCorr   .            Z - +1 pair of gloves {hurl}
SInv    .            b - +0 barding {rC+}
Will    +....        w - amulet of reflection Stlth
                     F - ring of fire
HPRegen 0.49/turn    N - ring of positive energy
MPRegen 0.16/turn

%: corrode self (3%), reflection, roll
@: corroded, under a protective aura, studying Shields
A: large, rugged brown scales 3, deformed body, armoured tail, roll, long
tongue, awkward tongue
}: 2/15 runes: barnacled, gossamer
a: Renounce Religion, Berserk, Trog's Hand, Brothers in Arms


You were on level 1 of the Vaults.
You worshipped Trog.
Trog was extremely pleased with you.
You visited 7 branches of the dungeon, and saw 32 of its levels.

You collected 4969 gold pieces.
You spent 4893 gold pieces at shops.

Inventory:

Hand Weapons
 a - a +6 eveningstar of protection (weapon)
 t - a +1 vampiric morningstar
 O - a +2 antimagic morningstar
 P - a +5 heavy demon whip
Missiles
 e - 7 javelins
 q - 5 throwing nets
 B - 5 silver javelins
 K - 43 boomerangs (quivered)
 T - 2 atropa-tipped darts
Armour
 b - a +0 barding of cold resistance (worn)
 g - the +10 crystal plate armour of Gluttony (worn) {*Corrode rF++ Stlth+}
   (You bought it in a shop on level 2 of the Orcish Mines)

   rF++:      It greatly protects you from fire.
   *Corrode:  It may corrode you when you take damage.
   Stlth+:    It makes you more stealthy.
 j - a +1 cloak (worn)
 s - a +0 kite shield (worn)
 y - a +0 helmet (worn)
 Z - a +1 pair of gloves of hurling (worn)
Jewellery
 w - an amulet of reflection (around neck)
 C - a ring of ice
 F - a ring of fire (left hand)
 G - an amulet of regeneration
 L - a ring of flight
 N - a ring of positive energy (right hand)
 R - a ring of resist corrosion
Wands
 x - a wand of flame (26)
 D - a wand of digging (7)
 H - a wand of iceblast (29)
 J - a wand of mindburst (8)
 M - a wand of charming (10)
 Q - a wand of polymorph (13)
 W - a wand of light (18)
Scrolls
 c - 3 scrolls of revelation
 k - 4 scrolls of fog
 l - 3 scrolls of butterflies
 n - 5 scrolls of blinking
 p - 5 scrolls of poison
 u - 4 scrolls of immolation
 U - 7 scrolls of teleportation
Potions
 d - 5 potions of lignification
 h - a potion of resistance
 i - 2 potions of curing
 m - 6 potions of attraction
 o - 3 potions of berserk rage
 r - 5 potions of might
 v - 2 potions of enlightenment
 z - a potion of heal wounds
 A - 9 potions of mutation
 E - 3 potions of invisibility
 I - a potion of cancellation
 S - a potion of magic
 X - 11 potions of haste
 Y - 3 potions of ambrosia
Miscellaneous
 f - a sack of spiders
 V - a condenser vane


   Skills:
 + Level 15.4 Fighting
 - Level 16.0 Maces & Flails
 - Level 10.0 Throwing
 + Level 19.3 Armour
 - Level 2.8 Dodging
 + Level 11.3 Shields
 + Level 15.2 Evocations


You had 17 spell levels left.
You didn't know any spells.
Your spell library was empty.

Dungeon Overview and Level Annotations

Branches:
Dungeon (15/15)            Temple (0/1) D:7            Lair (5/5) D:11
 Shoals (4/4) Lair:2       Spider (4/4) Lair:2        Slime (1/5) Lair:5
    Orc (2/2) D:11            Elf (0/3) Orc:2        Vaults (1/5) D:14
 Depths (0/4) D:15

Altars:
Cheibriados
Dithmenos
Fedhas
Hepliaklqana
Makhleb
Nemelex Xobeh
Okawaru
Qazlal
Trog
Uskayaw
Vehumet
Jiyva

Shops:
D:2 *   D:6 *   Orc:2 (*=[(*   Shoals:3 ([=(   Vaults:1 ?

Annotations:
D:6 exclusion: downstairs
D:7 exclusion: downstairs
Lair:2 exclusion: downstairs
Orc:1 3 runed translucent doors, ShaperDreaming's ghost, journeyman GrEE


Innate Abilities, Weirdness & Mutations

You are completely covered in rugged brown scales. (AC +3, +7% HP)
Armour fits poorly on your strangely shaped body.
You have a long armoured tail.
You roll when moving toward enemies. (Rampage)
Your long tongue fully drains potion bottles. (2x potion effects)
Your tongue gives you trouble enunciating. (1.5x scroll delay)


Message History

The lindwurm claws you.
The lindwurm claws you but does no damage.
You sock the lindwurm!
You kill the lindwurm!
Trog accepts your kill. The lindwurm breathes flames at you.
The blast of flame hits you. You resist. You block the lindwurm's attack.
The lindwurm claws you but does no damage.
The lindwurm claws you.
Your corrosive artefact corrodes you!
You hit the lindwurm but do no damage.
The lindwurm bites you but does no damage.
The lindwurm claws you but does no damage.
You block the lindwurm's attack. The lindwurm bites you.
You block the lindwurm's attack. x2; You block the yaktaur's attack.
You bludgeon the lindwurm!!
You tail-slap the lindwurm, but do no damage.
The lindwurm is heavily wounded.
The lindwurm barely misses you. You block the lindwurm's attack.
The lindwurm claws you but does no damage.
You block the yaktaur's attack. You block the lindwurm's attack.
The lindwurm claws you but does no damage.
The lindwurm barely misses you.
You puncture the lindwurm! You tail-slap the lindwurm.
The lindwurm is severely wounded.
You bludgeon the lindwurm!!
You kill the lindwurm!
Trog accepts your kill.
An ironbound convoker comes into view. It is wielding a +0 great mace.
The lindwurm bites you but does no damage.
You block the lindwurm's attack.
The lindwurm claws you but does no damage.
The yaktaur hits you but does no damage.
You puncture the lindwurm!
The lindwurm is moderately wounded.
The lindwurm bites you but does no damage.
The lindwurm claws you but does no damage. x2
You block the yaktaur's attack.
You bludgeon the lindwurm!! You tail-slap the lindwurm.
The lindwurm is almost dead.
The ironbound convoker begins to recite a word of recall!
You block the yaktaur's attack. You block the lindwurm's attack.
The lindwurm claws you but does no damage. x2
You bludgeon the lindwurm!!
You kill the lindwurm!
Trog accepts your kill.
You skewer the yaktaur like a kebab!!!
The yaktaur is almost dead.
The yaktaur hits you but does no damage.
You barely miss the yaktaur. You tail-slap the yaktaur!
You kill the yaktaur!
Trog accepts your kill.
You roll towards the ironbound convoker!
The ironbound convoker is recalled.
The ettin is recalled.
The harpy is recalled.
A harpy comes into view.
The harpy claws you but does no damage. x2
The ironbound convoker hits you with a great mace!
You block the ironbound convoker's attack.
An ettin comes into view. It is wielding two +0 dire flails.
An ironbound convoker comes into view. It is wielding a +0 great mace.
You closely miss the ironbound convoker.
You block the ironbound convoker's attack.
The ironbound convoker gestures at the ettin while chanting.
The ettin seems to grow stronger.
The ettin hits you with a +0 dire flail!!
The ettin hits you with a +0 dire flail.
The harpy claws you but does no damage. You block the harpy's attack.
You closely miss the ironbound convoker.
The harpy completely misses you.
The harpy claws you but does no damage. x3
The ironbound convoker hits you with a +0 great mace!
The ironbound convoker begins to recite a word of recall!
You block the ettin's attack. x2
You closely miss the ironbound convoker.
You tail-slap the ironbound convoker!
The ironbound convoker is moderately wounded.
The harpy claws you but does no damage. You block the harpy's attack.
You puncture the ironbound convoker!
Your tail-slap misses the ironbound convoker.
The ironbound convoker is lightly wounded.
The ironbound convoker hits you but does no damage.
You block the ettin's attack.
The ettin hits you with a +0 dire flail!!!
You block the harpy's attack. x2
You hit the ironbound convoker.
The ironbound convoker is moderately wounded.
The vault warden is recalled.
The vault sentinel is recalled.
The great orb of eyes is recalled.
The yaktaur is recalled.
You block the harpy's attack. x2
A yaktaur comes into view.
The ironbound convoker hits you with a +0 great mace!
A great orb of eyes comes into view.
A vault sentinel comes into view. It is wielding a +0 morningstar.
The vault sentinel blows a loud note on a signal horn!
The ironbound convoker completely misses you.
A yaktaur comes into view.
The vault warden activates a sealing rune.
The ettin hits you with a +0 dire flail!!!
* * * LOW HITPOINT WARNING * * *
The ettin hits you with a +0 dire flail!!!
You die...

###+## # #...p # #.Gc #
#Cp# # #p@# ## #pH# #.#.
#.c# #... #..# #.#. #..#
#### +..#######..
#........... #...........
##################'#######


You could see a vault warden, a great orb of eyes, an ettin (strong), a vault
sentinel (catching breath), 2 ironbound convokers, 2 yaktaurs and a harpy.

Vanquished Creatures
  A titan (Shoals:4)
  A kraken (Shoals:3)
  Kirke (D:13)
  An azure jelly (Slime:1)
  A vault warden (Vaults:1)
  6 emperor scorpions (Spider:4)
  A frost giant (D:15)
  4 ghost moths
  2 orc warlords
  The ghost of Loveship the Warrior, a journeyman HOFi of Qazlal (Lair:3)
  The ghost of Jizeqel the Devastator, a journeyman OpCj of Gozag (Shoals:3)
  A spark wasp (Spider:2)
  3 merfolk javelineers (Shoals:4)
  8 merfolk impalers
  Josephine (D:10)
  3 entropy weavers (Spider:4)
  2 great orbs of eyes
  A yaktaur captain (Vaults:1)
  A rakshasa (D:15)
  4 hydras
  2 ironbound frosthearts (Vaults:1)
  An ogre mage (D:14)
  Fannar (D:11)
  6 satyrs
  2 radroaches
  Erica (D:11)
  5 centaur warriors
  A jorogumo (Spider:3)
  4 boulder beetles
  4 merfolk aquamancers
  4 merfolk avatars
  2 catoblepae (Lair:5)
  6 two-headed ogres
  3 alligator snapping turtles
  6 death scarabs (Spider:4)
  10 death yaks (Lair:5)
  3 tengu warriors
  9 demonic crawlers
  Urug (D:12)
  2 orc high priests (Orc:2)
  Nergalle (Lair:1)
  Amaemon (D:11)
  8 skysharks
  A skeletal warrior (D:14)
  5 pharaoh ants
  2 goliath frogs (Lair:5)
  A sun moth (Spider:4)
  14 sea snakes
  An ironbound convoker (Vaults:1)
  A spriggan simulacrum (Shoals:3)
  5 orb spiders
  A steelbarb worm (Spider:2)
  A broodmother zombie (Spider:4)
  A spectral jorogumo (Spider:4)
  A spectral wolf spider (Spider:4)
  A wizard (Vaults:1)
  A necromancer (Vaults:1)
  24 harpies
  5 orc knights
  17 wolf spiders
  6 lindwurms
  3 ugly things
  2 deep elf pyromancers
  4 orc sorcerers (Orc:2)
  A frost giant zombie (Vaults:1)
  28 fauns
  21 manticores
  6 cyclopes
  2 moths of wrath (Spider:4)
  15 merfolk sirens
  A vault sentinel (Vaults:1)
  An eye of devastation (Slime:1)
  8 black mambas
  8 water nymphs
  An orange demon (D:11)
  3 gargoyles
  7 torpor snails
  A spectral sea snake (Shoals:3)
  5 kobold demonologists
  2 centaur skeletons (D:14)
  A freezing wraith (D:15)
  27 cane toads
  A spectral redback (Spider:4)
  17 komodo dragons
  3 rime drakes
  10 yaktaurs (Vaults:1)
  An efreet (D:15)
  A spectral water nymph (Shoals:3)
  A spectral merfolk (Shoals:3)
  3 meliai (D:13)
  6 trolls
  A queen bee (D:9)
  A wind drake (shapeshifter) (D:12)
  4 polar bears
  21 tarantellas
  28 merfolk
  A spectral jumping spider (Spider:4)
  2 spectral tarantellas (Spider:4)
  26 blink frogs
  A culicivora zombie (Spider:4)
  A spectral manticore (Shoals:3)
  11 slime creatures
  11 snapping turtles
  13 dream sheep
  A tarantella zombie (Spider:4)
  9 wind drakes
  20 culicivoras
  A spriggan (shapeshifter) (D:15)
  5 wraiths
  4 air elementals (Shoals:4)
  A shadow (D:9)
  28 jumping spiders
  4 wyverns
  50 yaks
  18 water elementals
  2 dire elephant simulacra (Shoals:3)
  2 vampires
  An elf zombie (Vaults:1)
  2 minotaur simulacra (Shoals:3)
  2 hogs (D:13)
  5 basilisks
  A sea snake simulacrum (Shoals:3)
  48 redbacks
  12 vampire mosquitoes
  5 wargs
  A harpy simulacrum (Shoals:3)
  32 water moccasins
  28 orc warriors
  2 sky beasts
  4 black bears
  6 ogres
  6 wolves (Lair:3)
  A human skeleton (Vaults:1)
  A wind drake simulacrum (Shoals:3)
  A boggart (Vaults:1)
  8 centaurs
  2 kobold brigands (D:11)
  2 gnoll sergeants
  20 bullfrogs
  9 scorpions
  10 wights
  2 manticore simulacra (Shoals:3)
  40 killer bees
  A lindwurm simulacrum (Shoals:3)
  A merfolk simulacrum (Shoals:3)
  12 howler monkeys
  2 electric eels
  A gnoll bouda (D:8)
  8 jellies
  8 orc priests
  4 hounds
  7 iguanas
  Ijyb (D:4)
  Terence (D:2)
  19 orc wizards
  2 boggart skeletons (D:14)
  Robin (D:4)
  17 gnolls
  22 adders
  A white imp (D:7)
  3 ufetubi
  3 worms
  70 orcs
  7 ball pythons
  8 endoplasms
  A giant cockroach (D:1)
  9 hobgoblins
  4 jackals (D:2)
  7 quokkas
  5 bats
  3 frilled lizards
  12 goblins
  9 kobolds
  5 rats
1176 creatures vanquished.

Vanquished Creatures (collateral kills)
  Arachne (Spider:2)
  A boulder beetle (Spider:4)
  2 death scarabs (Spider:4)
  A pharaoh ant (Spider:4)
  A wolf spider zombie (Spider:4)
  A merfolk siren (Shoals:4)
  A water nymph (Shoals:4)
  A torpor snail (Spider:4)
  A spectral redback (Spider:4)
  A redback zombie (Spider:4)
  2 merfolk (Shoals:3)
  A wind drake (Shoals:4)
  A spectral jumping spider (Spider:4)
  A spectral culicivora (Spider:4)
  2 tarantella zombies (Spider:4)
  A jumping spider (Spider:4)
  6 water elementals
  A dire elephant simulacrum (Shoals:3)
  2 redbacks (Spider:4)
28 creatures vanquished.

Vanquished Creatures (others)
  A merfolk aquamancer (Shoals:3)
  An orc knight (Vaults:1)
  A wind drake (Shoals:4)
  8 tentacles (Shoals:3)
11 creatures vanquished.

Grand Total: 1215 creatures vanquished

Notes
Turn   | Place    | Note
-------+----------+-------------------------------------------
     0 | D:1      | GloriousHammer the Armataur Berserker began the quest for
                  | the Orb.
     0 | D:1      | Reached XP level 1. HP: 19/19 MP: 1/1
    72 | D:1      | Reached XP level 2. HP: 23/26 MP: 2/2
   743 | D:2      | Reached XP level 3. HP: 25/32 MP: 3/3
   874 | D:2      | Noticed Terence
   878 | D:2      | Killed Terence
  1059 | D:2      | Found Ruthrira's General Store.
  1064 | D:2      | Bought a scroll of teleportation for 33 gold pieces
  1064 | D:2      | Bought a potion of curing for 33 gold pieces
  1211 | D:2      | Reached XP level 4. HP: 29/39 MP: 4/4
  1371 | D:2      | Reached ** piety under Trog
  1612 | D:2      | Bought a potion of attraction for 33 gold pieces
  1832 | D:3      | Reached skill level 5 in Maces & Flails
  2244 | D:3      | Reached XP level 5. HP: 44/44 MP: 5/5
  2407 | D:3      | Found a blossoming altar of Fedhas.
  2782 | D:4      | Found a shadowy altar of Dithmenos.
  2820 | D:4      | Reached skill level 1 in Shields
  2848 | D:4      | Noticed Robin
  2907 | D:4      | Killed Robin
  2964 | D:4      | Found a radiant altar of Vehumet.
  3045 | D:4      | Reached *** piety under Trog
  3046 | D:4      | Reached XP level 6. HP: 53/53 MP: 6/6
  3183 | D:4      | Found a burning altar of Makhleb.
  3338 | D:4      | Noticed Ijyb
  3361 | D:4      | Killed Ijyb
  3517 | D:5      | Entered Level 5 of the Dungeon
  3680 | D:5      | Reached XP level 7. HP: 32/59 MP: 7/7
  4507 | D:6      | Reached **** piety under Trog
  4762 | D:6      | Reached XP level 8. HP: 51/66 MP: 8/8
  4889 | D:6      | Reached skill level 5 in Shields
  5250 | D:6      | Found Ehir Atoraypn's General Store.
  5255 | D:6      | Bought 2 scrolls of identify for 48 gold pieces
  5255 | D:6      | Bought a scroll of fog for 48 gold pieces
  5255 | D:6      | Bought a scroll of identify for 24 gold pieces
  5393 | D:6      | Found a hazy altar of Hepliaklqana.
  5662 | D:7      | Reached skill level 1 in Evocations
  5667 | D:7      | Reached skill level 3 in Armour
  6087 | D:7      | Noticed a +0 dagger
  6087 | D:7      | Noticed a +0 short sword
  6087 | D:7      | Noticed a +0 falchion
  6087 | D:7      | Noticed a +0 short sword
  6087 | D:7      | Noticed a +0 spear
  6087 | D:7      | Noticed a +0 falchion
  6087 | D:7      | Noticed a +0 spear
  6087 | D:7      | Noticed a +0 dagger
  6115 | D:7      | Reached XP level 9. HP: 67/74 MP: 9/9
  6152 | D:7      | Found a hide-covered altar of Uskayaw.
  6330 | D:6      | Reached skill level 4 in Armour
  6520 | D:7      | Found a staircase to the Ecumenical Temple.
  7576 | D:8      | Reached ***** piety under Trog
  7595 | D:8      | Reached skill level 5 in Armour
  7655 | D:8      | Reached skill level 10 in Maces & Flails
  8165 | D:9      | Found a snail-covered altar of Cheibriados.
  8238 | D:9      | Reached XP level 10. HP: 82/85 MP: 10/10
  8386 | D:9      | Noticed a two-headed ogre
  8403 | D:9      | Killed a two-headed ogre
  8404 | D:9      | Reached skill level 5 in Fighting
  8457 | D:9      | Reached skill level 6 in Armour
  8709 | D:9      | Found a sparkling altar of Nemelex Xobeh.
  9346 | D:10     | Entered Level 10 of the Dungeon
  9414 | D:10     | Found a bloodstained altar of Trog.
  9444 | D:10     | Noticed Josephine
  9469 | D:10     | Killed Josephine
  9496 | D:10     | Reached skill level 5 in Evocations
  9506 | D:10     | Reached skill level 7 in Armour
  9888 | D:10     | Noticed a deep elf pyromancer
  9901 | D:10     | Killed a deep elf pyromancer
 10123 | D:10     | Reached XP level 11. HP: 85/95 MP: 11/11
 10138 | D:10     | Received a gift from Trog
 10825 | D:11     | You fall into a shaft and drop 2 floors!
 10890 | D:13     | Noticed a centaur warrior
 10912 | D:13     | Killed a centaur warrior
 10990 | D:13     | Reached skill level 8 in Armour
 11613 | D:12     | Noticed Urug
 11636 | D:12     | Killed Urug
 11946 | D:12     | Noticed a two-headed ogre
 11951 | D:12     | Killed a two-headed ogre
 12253 | D:11     | Noticed Fannar
 12279 | D:11     | Killed Fannar
 12280 | D:11     | Reached skill level 9 in Armour
 12280 | D:11     | Reached XP level 12. HP: 107/107 MP: 4/12
 12460 | D:11     | Noticed a two-headed ogre
 12467 | D:11     | Killed a two-headed ogre
 12659 | D:11     | Noticed a two-headed ogre
 12668 | D:11     | Killed a two-headed ogre
 12731 | D:11     | Noticed Amaemon
 12752 | D:11     | Killed Amaemon
 13002 | D:11     | Found a staircase to the Lair.
 13122 | D:11     | Found a staircase to the Orcish Mines.
 13198 | D:11     | Noticed Erica
 13211 | D:11     | Killed Erica
 13374 | Lair:1   | Entered Level 1 of the Lair of Beasts
 13558 | Lair:1   | Noticed Nergalle
 13572 | Lair:1   | Killed Nergalle
 13573 | Lair:1   | Reached skill level 10 in Armour
 14417 | Lair:2   | Noticed a four-headed hydra
 14424 | Lair:2   | Killed a four-headed hydra
 14438 | Lair:2   | Found a staircase to the Shoals.
 14446 | Lair:2   | Received a gift from Trog
 14550 | Lair:2   | Found a hole to the Spider Nest.
 14606 | Lair:2   | Reached XP level 13. HP: 96/115 MP: 13/13
 14945 | Lair:2   | Identified the +0 robe of Pride {Str-2 Dex+6}
 14965 | Lair:2   | Reached skill level 11 in Armour
 15241 | Lair:3   | Found a runed translucent gate.
 15242 | Lair:3   | Found a runed translucent gate.
 15242 | Lair:3   | Found a runed translucent gate.
 15242 | Lair:3   | Noticed Loveship's ghost (journeyman HOFi)
 15277 | Lair:3   | Found a hazy altar of Hepliaklqana.
 15688 | Lair:3   | You fall into a shaft and drop 1 floor!
 16277 | Lair:3   | Received a gift from Trog
 16510 | Lair:4   | Reached skill level 15 in Maces & Flails
 16961 | Lair:4   | Reached skill level 12 in Armour
 17551 | Lair:5   | Entered Level 5 of the Lair of Beasts
 17591 | Lair:4   | Reached XP level 14. HP: 123/126 MP: 14/14
 17839 | Lair:5   | Reached skill level 10 in Evocations
 18089 | Lair:5   | Reached skill level 10 in Fighting
 18463 | Lair:5   | Reached skill level 13 in Armour
 18530 | Lair:5   | Found a viscous altar of Jiyva.
 18569 | Lair:5   | Reached skill level 1 in Throwing
 19116 | Lair:5   | Found a staircase to the Slime Pits.
 19655 | Orc:1    | Entered Level 1 of the Orcish Mines
 19674 | Orc:1    | Received a gift from Trog
 20070 | Orc:1    | Found a runed translucent gate.
 20070 | Orc:1    | Found a runed translucent gate.
 20071 | Orc:1    | Found a runed translucent gate.
 20075 | Orc:1    | Noticed ShaperDreaming's ghost (journeyman GrEE)
 20121 | Orc:1    | Found an iron altar of Okawaru.
 20493 | Lair:3   | Killed Loveship's ghost
 20690 | Orc:2    | Entered Level 2 of the Orcish Mines
 20690 | Orc:2    | Found a staircase to the Elven Halls.
 20710 | Orc:2    | Noticed an orc warlord
 20732 | Orc:2    | Killed an orc warlord
 20746 | Orc:2    | Found Qecvox's Jewellery Boutique.
 20751 | Orc:2    | Reached XP level 15. HP: 136/136 MP: 15/15
 20761 | Orc:2    | Found Tiloveur's Antique Armour Boutique.
 20763 | Orc:2    | Paralysed by an orc sorcerer for 4 turns
 21135 | Orc:2    | Bought a spiked crystal plate armour for 2040 gold pieces
 21135 | Orc:2    | Identified the +10 crystal plate armour of Gluttony
                  | {*Corrode rF++ Stlth+} (You bought it in a shop on level 2
                  | of the Orcish Mines)
 21268 | Orc:2    | Found Ylyaces's Gadget Gallery.
 21304 | Orc:2    | Received a gift from Trog
 21347 | Orc:2    | Found Foggof's Antique Weapon Boutique.
 21454 | Orc:2    | Found Rohagis's General Store.
 21565 | Orc:2    | Found Haim's Weapon Emporium.
 21597 | Orc:2    | Bought a potion of heal wounds for 60 gold pieces
 21597 | Orc:2    | Bought a scroll of identify for 24 gold pieces
 21598 | Orc:2    | Bought 2 atropa-tipped darts for 21 gold pieces
 21928 | D:2      | Bought a scroll of butterflies for 44 gold pieces
 22220 | D:12     | Found a stormy altar of Qazlal.
 23513 | D:13     | Noticed Kirke
 23719 | D:13     | Found a bloodstained altar of Trog.
 23809 | D:13     | Reached skill level 14 in Armour
 24065 | D:13     | Killed Kirke
 24456 | D:14     | Found a gate to the Vaults.
 25152 | D:14     | Reached skill level 10 in Shields
 25371 | D:15     | Entered Level 15 of the Dungeon
 25522 | D:15     | Received a gift from Trog
 25641 | D:15     | Reached skill level 5 in Throwing
 25952 | D:15     | Found a staircase to the Depths.
 25952 | D:15     | Noticed a frost giant
 25957 | D:15     | Killed a frost giant
 27120 | D:2      | Bought a potion of haste for 110 gold pieces
 27334 | Shoals:1 | Entered Level 1 of the Shoals
 28034 | Shoals:1 | Reached skill level 15 in Armour
 28045 | Shoals:1 | Reached XP level 16. HP: 38/148 MP: 16/16
 29805 | Shoals:2 | Reached ****** piety under Trog
 30290 | Shoals:3 | Found Tavvue's Antique Weapon Shop.
 30339 | Shoals:3 | Found Linoefodd's Weapon Shop.
 30465 | Shoals:3 | Found a runed translucent gate.
 30466 | Shoals:3 | Found a runed translucent gate.
 30467 | Shoals:3 | Found a runed translucent gate.
 30475 | Shoals:3 | Noticed Jizeqel's ghost (journeyman OpCj)
 30492 | Shoals:3 | Received a gift from Trog
 30500 | Shoals:3 | Reached skill level 16 in Armour
 30563 | Shoals:3 | Found a frozen archway.
 30672 | Shoals:3 | HP: 6/225 [alligator snapping turtle (27)]
 31089 | Shoals:3 | Found Epalis's Jewellery Shop.
 32060 | Orc:2    | Bought a glowing barding for 624 gold pieces
 32333 | Shoals:3 | Noticed a kraken
 32356 | Shoals:3 | Killed a kraken
 32655 | Shoals:3 | Found Tyrphumme's Antique Armour Emporium.
 32986 | Shoals:3 | Killed Jizeqel's ghost
 32988 | Shoals:3 | Received a gift from Trog
 32989 | Shoals:3 | Reached XP level 17. HP: 159/159 MP: 17/17
 33105 | Shoals:4 | Entered Level 4 of the Shoals
 33122 | Shoals:4 | Paralysed by an air elemental for 1 turns
 33307 | Slime:1  | Entered Level 1 of the Pits of Slime
 33418 | Spider:1 | Entered Level 1 of the Spider Nest
 35232 | Spider:1 | Received a gift from Trog
 35363 | Spider:2 | Reached skill level 17 in Armour
 35993 | Spider:2 | Noticed Arachne
 36024 | Spider:2 | Killed Arachne
 37508 | Spider:4 | Entered Level 4 of the Spider Nest
 37663 | Spider:4 | Identified the +2 mace "Arbiter" {heavy, rF+ rN++} (Trog
                  | gifted it to you on level 4 of the Spider Nest)
 37663 | Spider:4 | Received a gift from Trog
 37725 | Spider:4 | Identified the +2 arbalest "Fifeil" {speed, rC++ rN++
                  | Int-3}
 38856 | Spider:4 | Reached skill level 10 in Throwing
 38873 | Spider:4 | Received a gift from Trog
 39027 | Spider:4 | Reached XP level 18. HP: 146/171 MP: 18/18
 39134 | Spider:4 | Reached skill level 18 in Armour
 39519 | Spider:4 | Got a gossamer rune of Zot
 40253 | Shoals:4 | Paralysed by an air elemental for 1 turns
 40764 | Shoals:4 | HP: 1/163 [drowned by a water nymph (12)]
 40947 | Shoals:4 | Reached skill level 15 in Fighting
 41606 | Shoals:4 | Got a barnacled rune of Zot
 41837 | Shoals:4 | Reached skill level 19 in Armour
 41890 | Shoals:4 | Paralysed by an air elemental for 1 turns
 41896 | Shoals:4 | Paralysed by an air elemental for 1 turns
 42019 | Shoals:3 | Bought a glowing helmet for 225 gold pieces
 42019 | Shoals:3 | Bought a pair of glowing gloves for 225 gold pieces
 42030 | Shoals:3 | Bought a pair of runed gloves for 225 gold pieces
 42210 | Orc:2    | Bought a sack of spiders for 560 gold pieces
 42546 | D:6      | Bought a condenser vane for 480 gold pieces
 42546 | D:6      | Bought a potion of curing for 36 gold pieces
 42737 | Vaults:1 | Entered Level 1 of the Vaults
 42750 | D:14     | Reached skill level 15 in Evocations
 42989 | Vaults:1 | Paralysed by a great orb of eyes for 4 turns
 43368 | Vaults:1 | Found Ginoarpha's Magic Scroll Emporium.
 43730 | Vaults:1 | Annihilated by an ettin

Illustrated notes

Levels and vault maps discovered:
D:1:      minmay_arrival_up_and_down, layout_basic, minmay_misc_feat_enclosed
D:2:      layout_loops_ring, serial_shops, nicolae_shop_hallway_plus,
          uniq_terence
D:3:      layout_basic, mainiacjoe_overflow_alcove_1, minmay_liquid_box,
          kennysheep_generic_room_8
D:4:      layout_basic, nicolae_vehumet_radiance, mainiacjoe_overflow_catwalk,
          old_standard_altar, uniq_robin, uniq_ijyb
D:5:      layout_rooms, minmay_misc_feat_room
D:6:      layout_basic, mainiacjoe_overflow_concentric_impassable, serial_shops,
          shop
D:7:      layout_basic, nicolae_uskayaw_en_pointe, minmay_temple_entry_mist
D:8:      layout_rooms
D:9:      layout_loops_ring, lemuel_coloured_pillars_altar, old_standard_altar,
          serial_glass, glass_columns_a, glass_columns_c,
          nicolae_looking_at_the_future
D:10:     layout_basic, general_overflow_altar, serial_co_window_serial,
          co_window_paths_a, co_window_of_opportunity_a, co_window_paths_a,
          co_window_corner_a, co_window_of_opportunity_a, co_window_corner_a,
          co_window_cross_1, co_window_unsneaky_path_e, co_window_corner_cb,
          co_window_broadway_b, co_window_corner_b, co_window_2corner,
          co_window_of_opportunity_c, glass_columns_a, glass_columns_a,
          nicolae_zen_rock_garden, chequers_serial_rivers_small_3,
          uniq_josephine
D:11:     layout_big_octagon, lair_entry_dummy, david_orc_1_choice, uniq_fannar,
          uniq_erica, uniq_amaemon
D:12:     layout_grid_maze, serial_co_window_serial, co_window_corner_a,
          co_window_paths_b, co_window_cross_1, co_window_paths_b,
          co_window_corner_a, co_window_2corner, co_window_unsneaky_path_c,
          co_window_of_opportunity_b, co_window_2corner,
          co_window_of_opportunity_c, co_window_paths_c,
          co_window_of_opportunity_b, co_window_4corner_b, glass_columns_c,
          glass_columns_a, grunt_qazlal_sundering, uniq_urug
D:13:     layout_grid_maze, trog_butcher_becter, uniq_kirke
D:14:     layout_layer_cave, hangedman_vaults_entry_quadrant_bands,
          grunt_decor_cap, kennysheep_generic_room_7
D:15:     grunt_enter_depths_snipers, layout_layer_cave,
          minmay_stone_trees_medium
Lair:1:   layout_cave_pods, dreamdust_mushroom_princess, uniq_nergalle
Lair:2:   layout_hall_layers, elwin_shoals_entry_stream, spider_nest_entry_webs,
          beast_lair_carwin_7
Lair:3:   lemuel_reptile_caves, layout_chaotic_city, gammafunk_ghost_split,
          basic_altar
Lair:4:   layout_regular_city, serial_bayou_lagoon_a, hibernation_bobbens
Lair:5:   minmay_lair_end_frog_pond, layout_cave_pods,
          nicolae_slime_entry_field_trip
Shoals:1: layout_shoals
Shoals:2: layout_shoals
Shoals:3: layout_shoals, gammafunk_ghost_necromancy,
          portal_ice_cave_entry_ice_simulacra, serial_shops,
          nicolae_shop_back_alley_shop, shop, shop, nicolae_shop_tiny_waterfront
Shoals:4: shoals_end_hellmonk_storm_palace [storm_palace_center_square,
          storm_palace_corner_pillars, storm_palace_corner_reverse_hut,
          storm_palace_corner_reverse_hut, storm_palace_corner_narrow]
Spider:1: layout_spider_delve
Spider:2: layout_spider_delve, uniq_arachne
Spider:3: layout_cave_pods
Spider:4: floodkiller_spider_rune_tomb, drop_trap, nicolae_spider_webbed_stairs
Slime:1:  cheibrodos_slime_lost_civilization_8, layout_caves
Orc:1:    layout_caves, gammafunk_ghost_fury_of_okawaru, lemuel_statue_altar
Orc:2:    grunt_orc_gardens, layout_caves, grunt_orc_garden, grunt_orc_garden,
          grunt_orc_garden, grunt_orc_garden, serial_shops, shop_fountains,
          nicolae_shop_gadgets
Vaults:1: nicolae_vaults_trapezoid_layered, nicolae_vaults_security_offices_4,
          v_misc_12, v_misc_3, nicolae_vaults_gold_heap,
          hangedman_vaults_variations, nicolae_vaults_surprise_closet, v_misc_2,
          v_pattern_2, nicolae_vaults_tetromino_L_2, layout_vaults_ring,
          nicolae_trove_entry_crossroad, serial_shops, shop

Skill      XL: |  1  2  3  4  5  6  7  8  9 10 11 12 13 14 15 16 17 18 |
---------------+-------------------------------------------------------+-----
Maces & Flails | 3 4 5 6 8 9 10 11 12 14 15 16 | 16.0
Shields        | 1 3 4 5 6 8 10 11 | 11.3
Fighting       | 3 4 5 7 8 9 10 12 13 14 15 | 15.4
Evocations     | 2 3 5 6 8 9 10 11 12 13 15 | 15.2
Armour         | 3 5 7 9 10 12 13 15 16 17 19 | 19.3
Throwing       | 2 6 8 10 | 10.0
Dodging        | 2 |  2.8

Action                     |  1- 3 |  4- 6 |  7- 9 | 10-12 | 13-15 | 16-18 || total
---------------------------+-------+-------+-------+-------+-------+-------++-------
  Melee: Mace              |    12 |    45 |    45 |    60 |    26 |       ||   188
         Whip              |   104 |   162 |   351 |   500 |       |       ||  1117
         Tailslap          |     8 |    27 |    59 |   119 |   243 |   447 ||   903
         Punch             |     1 |       |       |       |       |       ||     1
         Flail             |       |       |   114 |       |       |       ||   114
         Eveningstar       |       |       |       |   277 |   850 |    98 ||  1225
         Demon whip        |       |       |       |       |   488 |  1443 ||  1931
         Morningstar       |       |       |       |       |    28 |   597 ||   625
         Unarmed           |       |       |       |       |     4 |       ||     4
  Throw: Boomerang         |       |       |       |       |     2 |    27 ||    29
         Dart              |       |       |       |       |       |    18 ||    18
 Invoke: Berserk           |     1 |     2 |     3 |     5 |     8 |    16 ||    35
         Trog's Hand       |       |       |       |     4 |    10 |     8 ||    22
         Brothers in Arms  |       |       |       |     1 |       |    10 ||    11
  Evoke: Wand              |       |       |       |     1 |     5 |    24 ||    30
    Use: Scroll            |       |       |    10 |     4 |     9 |    17 ||    40
         Potion            |       |       |     2 |     2 |     6 |     6 ||    16
   Stab: Petrified         |       |       |       |       |     2 |       ||     2
         Distracted        |       |       |       |       |       |     2 ||     2
         Invisible         |       |       |       |       |       |     1 ||     1
 Armour: Ring mail         |    53 |       |       |       |       |       ||    53
         Animal skin       |     1 |       |       |       |       |       ||     1
         Chain mail        |    25 |   152 |   244 |    70 |    18 |       ||   509
         Skin              |       |       |   152 |   122 |     8 |       ||   282
         Plate armour      |       |       |       |   567 |   831 |       ||  1398
         Crystal plate arm |       |       |       |       |   587 |  3108 ||  3695
  Dodge: Dodged            |    33 |    29 |    59 |    85 |   199 |   246 ||   651
  Block: Kite shield       |       |    62 |   336 |   508 |   845 |  1553 ||  3304
         Reflection        |       |     1 |     6 |     9 |    32 |    64 ||   112
         Other             |       |       |       |       |     4 |       ||     4

Table legend: (Time is in decaauts)
 A = Elapsed time spent in this place.
 B = Non-inter-level travel time spent in this place.
 C = Inter-level travel time spent in this place.
 D = Time resting spent in this place.
 E = Time spent auto-exploring this place.
 F = Levels seen in this place.
 G = Mean time per level.
                   A        B        C        D        E       F      G
               +--------+--------+--------+--------+--------+-----+--------+
         Total |  42927 |  38636 |   4291 |  10636 |  18448 |  32 | 1341.5 |
       Dungeon |  19708 |  17108 |   2600 |   4126 |   9533 |  15 | 1313.9 |
          Lair |   6780 |   5889 |    891 |    985 |   3250 |   5 | 1356.0 |
        Shoals |   7656 |   7333 |    323 |   2802 |   2604 |   4 | 1914.0 |
   Spider Nest |   6144 |   5861 |    283 |   2395 |   1773 |   4 | 1536.0 |
    Slime Pits |     14 |     14 |      0 |      0 |      0 |   1 |   14.0 |
  Orcish Mines |   1772 |   1580 |    192 |    136 |    904 |   2 |  886.0 |
        Vaults |    850 |    850 |      0 |    191 |    384 |   1 |  850.0 |
               +--------+--------+--------+--------+--------+-----+--------+

Top non-repeatable levels by time:
Shoals:3: 2604 daAuts
Spider:4: 2206 daAuts
Shoals:4: 2030 daAuts
Spider:1: 1982 daAuts
  Lair:5: 1976 daAuts
    D:12: 1897 daAuts
Shoals:1: 1819 daAuts
    D:11: 1804 daAuts
    D:13: 1668 daAuts
     D:7: 1557 daAuts
    D:15: 1494 daAuts
    D:10: 1476 daAuts
    D:14: 1385 daAuts
     D:9: 1350 daAuts
  Lair:3: 1274 daAuts
